 Dungeon Crawl Stone Soup version 0.31-a0-538-gbc85326fa9 (webtiles) character file.

Game seed: 8734167188726467808

90 randomguy2701 the Grave Robber (level 4, -3/24 HPs)
             Began as a Deep Elf Necromancer on Aug 13, 2023.
             Slain by Pargi (4 damage)
             ... in a sewer.
             The game lasted 00:04:03 (2406 turns).

randomguy2701 the Grave Robber (DENe)               Turns: 2406, Time: 00:04:04

Health: -3/24      AC:  2    Str:  5    XL:     4   Next: 32%
Magic:  3/12       EV: 12    Int: 22    God:
Gold:   153        SH:  0    Dex: 15    Spells: 11/12 levels left

rFire   . . .        (no weapon)
rCold   . . .        (no shield)
rNeg    . . .        a - +0 robe
rPois   .            (no helmet)
rElec   .            (no cloak)
rCorr   .            (no gloves)
SInv    .            (no boots)
Will    .....        (no amulet)
Stlth   +            (no ring)
HPRegen 0.24/turn    (no ring)
MPRegen 0.13/turn

%: no passive effects
@: very slow
A: no striking features
a: no special abilities


You were in a sewer.
You visited 1 branch of the dungeon, and saw 3 of its levels.
You also visited: Sewer.

You collected 153 gold pieces.

Inventory:

Armour
 a - a +0 robe (worn)
Scrolls
 c - a scroll of fog {unknown}
 d - a scroll of enchant weapon {unknown}
 g - 2 scrolls of fear {unknown}
 h - a scroll of torment {unknown}
 i - a scroll of identify {unknown}
 k - a scroll of blinking {unknown}
 l - a scroll of teleportation {unknown}
Potions
 b - a potion of magic
 e - 2 potions of curing {unknown}
 f - a potion of haste {unknown}
 j - 4 potions of lignification {unknown}
 m - a potion of heal wounds {unknown}


   Skills:
 + Level 2.5 Dodging
 + Level 2.8 Stealth
 + Level 0.1 Unarmed Combat
 + Level 4.9 Spellcasting
 + Level 5.7 Necromancy


You had 11 spell levels left.
You knew the following spells:

 Your Spells              Type           Power      Damage    Failure   Level
a - Necrotise             Necr           100%       1d9       1%          1

Your spell library contained the following spells:

 Spells                   Type           Power      Damage    Failure   Level
 Vampiric Draining        Necr           30%        2d8       2%          3
 Animate Dead             Necr           30%        N/A       10%         4
 Poisonous Vapours        Pois/Air       10%        N/A       16%         2
 Agony                    Necr           30%        N/A       26%         5
 Mephitic Cloud           Conj/Pois/Air  5%         N/A       30%         3
 Passage of Golubria      Tloc           5%         N/A       71%         4
 Freezing Cloud           Conj/Ice/Air   2%         6-21      96%         5
 Silence                  Hex/Air        2%         N/A       96%         5
 Summon Forest            Summ/Tloc      2%         N/A       96%         5
 Summon Mana Viper        Hex/Summ       5%         N/A       96%         5
 Summon Cactus Giant      Summ           2%         N/A       100%        6
 Lehudib's Crystal Spear  Conj/Erth      2%         10d2      100%        8


Dungeon Overview and Level Annotations

Branches:
Dungeon (3/15)              Sewer (1/1)

Altars:
Elyvilon

Shops:
D:1 :

Annotations:
D:2 1 runed translucent door, Crazy Yiuf Sewer Pargi


Message History

Aim: Pargi (lightly wounded, chance to affect: 88%) Pargi barely resists.
Pargi bites you but does no damage. Pargi misses you. Pargi closely misses you.
Casting: Necrotise (safe; 1% risk of failure)
Confirm with . or Enter, or press ? or * to list all spells.
Aiming: Necrotise (safe; 1% risk of failure)
Press: ? - help, Shift-Dir - straight line, f/p - Pargi
Aim: Pargi (lightly wounded, chance to affect: 88%) Pargi barely resists.
Pargi completely misses you. Pargi barely misses you. Pargi closely misses you.
Casting: Necrotise (safe; 1% risk of failure)
Confirm with . or Enter, or press ? or * to list all spells.
Aiming: Necrotise (safe; 1% risk of failure)
Press: ? - help, Shift-Dir - straight line, f/p - Pargi
Aim: Pargi (lightly wounded, chance to affect: 88%) Pargi writhes in agony.
Pargi bites you. Pargi barely misses you. Pargi claws you.
Casting: Necrotise (safe; 1% risk of failure)
Confirm with . or Enter, or press ? or * to list all spells.
Aiming: Necrotise (safe; 1% risk of failure)
Press: ? - help, Shift-Dir - straight line, f/p - Pargi
Aim: Pargi (lightly wounded, chance to affect: 88%) Pargi writhes in agony.
Pargi bites you.
* * * LOW HITPOINT WARNING * * *
Pargi barely misses you. Pargi claws you.
* * * LOW HITPOINT WARNING * * *
Casting: Necrotise (safe; 1% risk of failure)
Confirm with . or Enter, or press ? or * to list all spells.
Aiming: Necrotise (safe; 1% risk of failure)
Press: ? - help, Shift-Dir - straight line, f/p - Pargi
Aim: Pargi (lightly wounded, chance to affect: 88%) Pargi writhes in agony!
Pargi closely misses you. Pargi misses you. Pargi claws you but does no damage.
Casting: Necrotise (safe; 1% risk of failure)
Confirm with . or Enter, or press ? or * to list all spells.
Aiming: Necrotise (safe; 1% risk of failure)
Press: ? - help, Shift-Dir - straight line, f/p - Pargi
Aim: Pargi (moderately wounded, chance to affect: 88%) Pargi barely resists.
Pargi misses you. Pargi claws you.
You die...

#~≈~# #~≈~#
#~≈~# #~≈~#
#############
#..'.~≈~.'.?#
####.~≈~.####
####.~≈T.####
#..'.~≈@.'..#
####.~≈~.####
####.~≈~.####
#()'.~≈~.').#
####.~≈~.####
####.~≈~.####
#..'..∩....∩#
####.~≈~.####
####.~≈~.#


You could see Pargi.

Vanquished Creatures
  Robin (D:2)
  An adder (D:2)
  An ufetubus (D:2)
  A worm (D:3)
  A dart slug (D:2)
  4 ball pythons
  3 endoplasms
  5 giant cockroaches
  10 goblins
  4 hobgoblins
  3 jackals (D:3)
  7 kobolds
  2 quokkas (D:2)
  3 bats
  3 frilled lizards
  8 rats
57 creatures vanquished.

Notes
Turn   | Place    | Note
-------+----------+-------------------------------------------
     0 | D:1      | randomguy2701 the Deep Elf Necromancer began the quest for
                  | the Orb.
     0 | D:1      | Reached XP level 1. HP: 10/10 MP: 6/6
    96 | D:1      | Reached skill level 5 in Necromancy
   213 | D:1      | Reached XP level 2. HP: 15/15 MP: 6/8
   268 | D:1      | Found a faded altar of an unknown god.
   567 | D:1      | Found Riow's Book Emporium.
   679 | D:2      | Reached XP level 3. HP: 15/19 MP: 1/10
  1311 | D:2      | Noticed Robin
  1406 | D:2      | Killed Robin
  1650 | D:2      | Found a runed translucent door.
  1651 | D:2      | Noticed Crazy Yiuf
  1721 | D:2      | Reached XP level 4. HP: 10/24 MP: 12/12
  2164 | D:3      | Found a glowing drain.
  2209 | D:3      | Found a white marble altar of Elyvilon.
  2247 | Sewer    | Entered a sewer
  2393 | Sewer    | Noticed Pargi
  2404 | Sewer    | HP: 1/24 [Pargi (2)]
  2406 | Sewer    | Slain by Pargi

Illustrated notes

Levels and vault maps discovered:
D:1:      tarquinn_simple_flora_water_a, layout_rooms,
          shapermc_ecumenical_altar_gd, serial_shops,
          nicolae_shop_back_alley_shop
D:2:      layout_basic, minmay_increasing_density, uniq_robin,
          uniq_crazy_yiuf_cottage
D:3:      layout_loops_ring, mainiacjoe_overflow_boulevard,
          cheibrodos_sewer_entry_drain
Sewer:    kennysheep_door_sewer

Skill      XL: |  1  2  3 |
---------------+----------+-----
Necromancy     | 5 |  5.7
Spellcasting   | 4 |  4.9
Dodging        | |  2.5
Stealth        | |  2.8
Unarmed Combat | |  0.1

Action                     |  1- 3 |  4- 6 || total
---------------------------+-------+-------++-------
  Melee: Unarmed           |    16 |       ||    16
   Cast: Necrotise         |    66 |    42 ||   108
    Use: Potion            |     1 |       ||     1
 Armour: Robe              |     2 |     3 ||     5
  Dodge: Dodged            |    29 |    19 ||    48

Table legend: (Time is in decaauts)
 A = Elapsed time spent in this place.
 B = Non-inter-level travel time spent in this place.
 C = Inter-level travel time spent in this place.
 D = Time resting spent in this place.
 E = Time spent auto-exploring this place.
 F = Levels seen in this place.
 G = Mean time per level.
                   A        B        C        D        E       F      G
               +--------+--------+--------+--------+--------+-----+--------+
         Total |   2416 |   2287 |    129 |     67 |   1914 |   4 |  604.0 |
       Dungeon |   2256 |   2127 |    129 |     67 |   1784 |   3 |  752.0 |
         Sewer |    159 |    159 |      0 |      0 |    130 |   1 |  159.0 |
               +--------+--------+--------+--------+--------+-----+--------+

Top non-repeatable levels by time:
     D:2: 1225 daAuts
     D:1: 671 daAuts
     D:3: 358 daAuts
   Sewer: 159 daAuts
